 Dungeon Crawl Stone Soup version 0.30.0-20-g3615ddf2f0 (webtiles) character file.

Game seed: 3374943647870098468

385 qw the Chopper (level 6, 0/38 HPs)
             Began as a Gargoyle Fighter on June 1, 2023.
             Was an Initiate of Okawaru.
             Slain by a gnoll
             ... wielding a +0 spear
             ... led by a gnoll bouda
              (3 damage)
             ... on level 4 of the Dungeon.
             The game lasted 00:01:08 (2581 turns).

qw the Chopper (Gargoyle Fighter)                   Turns: 2581, Time: 00:01:09

Health: 0/38       AC: 14    Str: 22    XL:     6   Next: 77%
Magic:  6/6        EV:  8    Int:  8    God:    Okawaru [......]
Gold:   119        SH:  4    Dex:  9    Spells: 5/5 levels left

rFire   . . .        Y - +0 war axe
rCold   . . .        c - +0 buckler
rNeg    + . .        h - +0 chain mail
rPois   inf          g - +0 helmet
rElec   +            (no cloak)
rCorr   .            (no gloves)
SInv    .            (no boots)
Will    .....        (no amulet) Stlth
                     (no ring)
HPRegen 0.26/turn    (no ring)
MPRegen 0.10/turn

%: no passive effects
@: about to teleport
A: sickness immunity, AC +4, negative energy resistance 1, electricity
resistance, torment resistance 1, petrification resistance
a: Renounce Religion


You were on level 4 of the Dungeon.
You worshipped Okawaru.
Okawaru was noncommittal.
You visited 1 branch of the dungeon, and saw 4 of its levels.

You collected 173 gold pieces.
You spent 54 gold pieces at shops.


Innate Abilities, Weirdness & Mutations

You are immune to sickness and miasma.
Your stone body is resilient. (AC +4)
You are immune to poison.
You resist negative energy. (rN+)
You are resistant to electric shocks. (rElec)
You are resistant to unholy torment.
You are immune to petrification.


   Skills:
 - Level 4.0 Fighting
 + Level 5.9 Axes
 - Level 1.0 Throwing
 - Level 3.2 Armour
 - Level 3.2 Shields


You had 5 spell levels left.
You didn't know any spells.
Your spell library was empty.

Inventory:

Hand Weapons
 j - a +0 flail
 Y - a +0 war axe (weapon)
Missiles
 b - 4 javelins (quivered)
Armour
 c - a +0 buckler (worn)
 g - a +0 helmet (worn)
 h - a +0 chain mail (worn)
Jewellery
 i - a ring of fire
Scrolls
 a - a scroll of identify
Potions
 d - a potion of might
 f - a potion of cancellation

Dungeon Overview and Level Annotations

Branches:
Dungeon (4/15)
 Temple: D:4-7

Altars:
Okawaru

Shops:
D:1 [=:::


Message History

The gnoll bouda is severely wounded.
Your attacks no longer feel as feeble.
The gnoll hits you but does no damage.
The gnoll bouda hits you with a +0 club.
You block the gnoll's attack. x2; The gnoll hits you but does no damage.
The gnoll hits you from afar with a +0 spear.
You barely miss the gnoll bouda.
The gnoll bouda is severely wounded.
You hit the gnoll but do no damage. The gnoll bouda barely misses you.
The gnoll misses you. The gnoll hits you but does no damage.
You block the gnoll's attack. The gnoll bouda barely misses you.
The gnoll closely misses you.
You hit the gnoll bouda.
The gnoll bouda is almost dead.
You completely miss the gnoll. The gnoll closely misses you.
The gnoll hits you but does no damage. x2
The gnoll bouda mumbles some strange prayers to its god.
The gnoll bouda is healed somewhat.
The gnoll hits you but does no damage. x2
You closely miss the gnoll bouda.
The gnoll bouda is heavily wounded.
You closely miss the gnoll. The gnoll hits you but does no damage.
The gnoll closely misses you. You block the gnoll bouda's attack.
The gnoll hits you but does no damage. The gnoll hits you with a +0 flail.
The gnoll hits you but does no damage.
You barely miss the gnoll bouda.
The gnoll bouda is heavily wounded.
You closely miss the gnoll.
The gnoll hits you from afar with a +0 spear.
The gnoll bouda hits you but does no damage.
The gnoll hits you but does no damage. The gnoll hits you with a +0 flail.
You block the gnoll's attack. The gnoll closely misses you.
2581 ||| READING scroll of teleportation.
As you read the scroll of teleportation, it crumbles to dust.
You feel strangely unstable.
The gnoll is no longer moving quickly.
The gnoll bouda barks out a call to the hunt!
The gnoll picks up the pace!
You block the gnoll's attack. x2
The gnoll hits you from afar with a +0 spear.
You die...

####.## .ยค
.....(.###'#
...........##
.............#
...$........#
........ggg.#
............+
.......g@g..#
........)...#
#.<....)%)?.#
######<.)#.....
###.....##
#.##.# .# .# ##
.


You could see a gnoll bouda and 4 gnolls.

Vanquished Creatures
  Grinder (D:3)
  An iguana (D:4)
  4 adders
  6 gnolls
  A white imp (D:3)
  A worm (D:2)
  A dart slug (D:3)
  3 orcs (D:4)
  4 endoplasms
  3 giant cockroaches
  5 goblins
  3 hobgoblins
  3 quokkas (D:2)
  3 ball pythons
  5 bats (D:2)
  A frilled lizard (D:1)
  5 kobolds
  5 rats
55 creatures vanquished.

Notes
Turn   | Place    | Note
-------+----------+-------------------------------------------
     0 | D:1      | qw the Gargoyle Fighter began the quest for the Orb.
     0 | D:1      | Reached XP level 1. HP: 14/14 MP: 1/1
     0 | D:1      | 0 ||| qw: Version: 0.2-a-102-gfc559e5
     0 | D:1      | 0 ||| qw: Game counter: 636
     0 | D:1      | 0 ||| qw: Always use a shield: true
     0 | D:1      | 0 ||| qw: God list: Okawaru
     0 | D:1      | 0 ||| qw: Allow faded altars: false
     0 | D:1      | 0 ||| qw: Do Orc after D:15 true
     0 | D:1      | 0 ||| qw: Do second Lair branch before Depths: true
     0 | D:1      | 0 ||| qw: Lair rune preference: random
     0 | D:1      | 0 ||| qw: Plans: Normal, Zot:1-4, Slime:5, God:TSO, Crypt,
                  | Tomb, Pan, Hells, Abyss, Win
     0 | D:1      | 0 ||| PLANNING D:1-11
    29 | D:1      | Reached skill level 2 in Axes
    79 | D:1      | 79 ||| Stepping ~*~*~tactically~*~*~ (stealth).
   128 | D:1      | Found Pyreh's Book Shop.
   139 | D:1      | Found Fuoqab's Book Shop.
   220 | D:1      | Found Reonkos's Book Boutique.
   263 | D:1      | Reached XP level 2. HP: 18/19 MP: 2/2
   322 | D:1      | Found Vell's Armour Emporium.
   347 | D:1      | 347 ||| BUYING +0 chain mail (54 gold).
   347 | D:1      | Bought a +0 chain mail for 54 gold pieces
   347 | D:1      | 347 ||| SHOPLISTING +0 pair of boots (54 gold, have 18).
   347 | D:1      | 347 ||| SHOPLISTING +1 chain mail of the Furrier {Rampage}
                  | (198 gold, have 18).
   347 | D:1      | 347 ||| SHOPLISTING +1 pair of boots of flying (198 gold,
                  | have 18).
   347 | D:1      | 347 ||| SHOPLISTING +2 plate armour "Tuustaiw" {rF- rCorr
                  | Int+2} (513 gold, have 18).
   347 | D:1      | 347 ||| SHOPLISTING +8 chain mail of ponderousness (258
                  | gold, have 18).
   362 | D:1      | 362 ||| Stepping ~*~*~tactically~*~*~ (stealth).
   391 | D:1      | Found Perghequ's Jewellery Boutique.
   399 | D:1      | 399 ||| SHOPLISTING +4 ring of slaying (936 gold, have 18).
   399 | D:1      | 399 ||| SHOPLISTING +6 ring of dexterity (432 gold, have
                  | 18).
   399 | D:1      | 399 ||| SHOPLISTING +6 ring of strength (432 gold, have
                  | 18).
   399 | D:1      | 399 ||| SHOPLISTING amulet of guardian spirit (360 gold,
                  | have 18).
   399 | D:1      | 399 ||| SHOPLISTING amulet of regeneration (360 gold, have
                  | 18).
   399 | D:1      | 399 ||| SHOPLISTING amulet of the acrobat (360 gold, have
                  | 18).
   399 | D:1      | 399 ||| SHOPLISTING ring of ice (300 gold, have 18).
   399 | D:1      | 399 ||| SHOPLISTING ring of willpower (300 gold, have 18).
   485 | D:1      | Found a faded altar of an unknown god.
   639 | D:1      | 639 ||| UPGRADING to +0 chain mail.
   649 | D:1      | 649 ||| DROPPING +0 scale mail.
   650 | D:1      | 650 ||| READING 2 scrolls labelled QIRIBRI KADIA.
   738 | D:2      | 738 ||| Stepping ~*~*~tactically~*~*~ (stealth).
   773 | D:2      | 773 ||| Stepping ~*~*~tactically~*~*~ (stealth).
   774 | D:2      | 774 ||| Stepping ~*~*~tactically~*~*~ (stealth).
   866 | D:2      | Reached skill level 3 in Axes
   866 | D:2      | Reached XP level 3. HP: 22/23 MP: 3/3
   950 | D:2      | Reached skill level 1 in Throwing
  1087 | D:2      | 1087 ||| Stepping ~*~*~tactically~*~*~ (stealth).
  1134 | D:2      | 1134 ||| Stepping ~*~*~tactically~*~*~ (stealth).
  1458 | D:2      | Reached XP level 4. HP: 25/28 MP: 4/4
  1498 | D:2      | 1498 ||| READING scroll labelled VIEFUA NARR.
  1516 | D:2      | 1516 ||| DRINKING 3 inky potions.
  1517 | D:2      | 1517 ||| READING 2 scrolls of identify.
  1517 | D:2      | 1517 ||| IDENTIFYING clear potion
  1653 | D:3      | Noticed Grinder
  1673 | D:3      | HP: 6/28 [Grinder (8)]
  1674 | D:3      | 1674 ||| DRINKING 2 potions of heal wounds.
  1677 | D:3      | Paralysed by Grinder for 2 turns
  1688 | D:3      | HP: 7/28 [adder (1)]
  1689 | D:3      | 1689 ||| DRINKING potion of heal wounds.
  1698 | D:3      | Killed Grinder
  1699 | D:3      | Reached skill level 5 in Axes
  1699 | D:3      | Reached XP level 5. HP: 32/32 MP: 5/5
  1699 | D:3      | Reached XP level 6. HP: 37/37 MP: 6/6
  1781 | D:3      | 1781 ||| DROPPING +0 whip.
  1970 | D:3      | Found an iron altar of Okawaru.
  1971 | D:3      | 1971 ||| PLANNING OKAWARU WORSHIP
  1971 | D:3      | 1971 ||| Stepping ~*~*~tactically~*~*~ (hiding).
  1972 | D:3      | 1972 ||| Stepping ~*~*~tactically~*~*~ (hiding).
  1973 | D:3      | 1973 ||| Stepping ~*~*~tactically~*~*~ (hiding).
  2081 | D:3      | 2081 ||| UPGRADING to +0 helmet.
  2086 | D:3      | 2086 ||| READING 2 scrolls labelled GEHOAGG WUXA.
  2089 | D:3      | 2089 ||| READING scroll labelled ZIBYPO WOUSS.
  2132 | D:3      | Became a worshipper of Warmaster Okawaru
  2132 | D:3      | 2132 ||| PLANNING D:1-11
  2441 | D:3      | 2441 ||| READING 3 scrolls labelled HINADEORIVU.
  2442 | D:3      | 2442 ||| DROPPING 2 scrolls of fog.
  2512 | D:4      | 2512 ||| FLEEEEING.
  2513 | D:4      | 2513 ||| STAIRDANCE
  2580 | D:4      | HP: 8/38 [gnoll/+0 spear[a gnoll bouda] (5)]
  2580 | D:4      | HP: 2/38 [gnoll/+0 flail[a gnoll bouda] (6)]
  2581 | D:4      | 2581 ||| READING scroll of teleportation.
  2581 | D:4      | Slain by a gnoll

Levels and vault maps discovered:
D:1:      kennysheep_arrival_seaside, layout_rooms, serial_shops, shop,
          nicolae_square_shop, shop, shop, nicolae_shop_window_shopping,
          ebering_ecumenical_altar_webs
D:2:      layout_loops_cross, serial_forest, infiniplex_forest_lined_ring,
          infiniplex_forest_lined_room_3, infiniplex_forest_straight_4,
          infiniplex_forest_straight_1, infiniplex_forest_straight_1,
          infiniplex_forest_diagonal, infiniplex_forest_clump_curved
D:3:      layout_basic, mainiacjoe_overflow_brackets, uniq_grinder
D:4:      layout_rooms, chequers_serial_rivers_room_b, minivault_19,
          kennysheep_another_room, dk_noncrumbling_2, uniq_eustachio

Skill      XL: |  1  2  3  4  5  6 |
---------------+-------------------+-----
Axes           | 2 3 5 |  5.9
Throwing       | 1 |  1.0
Fighting       | 4 |  4.0
Armour         | |  3.2
Shields        | |  3.2

Action                     |  1- 3 |  4- 6 || total
---------------------------+-------+-------++-------
  Melee: War axe           |   143 |    69 ||   212
  Throw: Javelin           |    11 |     5 ||    16
    Use: Scroll            |     1 |     6 ||     7
         Potion            |       |     3 ||     3
 Armour: Scale mail        |    25 |       ||    25
         Chain mail        |    52 |    73 ||   125
  Dodge: Dodged            |    75 |    38 ||   113
  Block: Buckler           |    23 |    22 ||    45

Table legend:
 A = Non-vault XP
 B = Vault XP
 C = Vault XP percentage of total XP
 D = Non-vault monster count
 E = Vault monster count
 F = Vault count percentage of total count
                 A         B        C        D         E       F
            +---------+---------+-------+---------+---------+-------
      Total |     260 |     290 |  52.7 |      54 |       1 |   1.8
            +---------+---------+-------+---------+---------+-------
        D:1 |      17 |       0 |   0.0 |      11 |       0 |   0.0
        D:2 |      79 |       0 |   0.0 |      25 |       0 |   0.0
        D:3 |      75 |     290 |  79.5 |      10 |       1 |   9.1
        D:4 |      89 |       0 |   0.0 |       8 |       0 |   0.0
            +---------+---------+-------+---------+---------+-------
